 Dungeon Crawl Stone Soup version 0.30.1-3-gfc49f6343a (webtiles) character file.

Game seed: 9610394237541234439

5687 cheesebisquit the Trooper (level 10, 0/84 HPs)
             Began as a Red Draconian Conjurer on July 19, 2023.
             Was an Elder of Sif Muna.
             Slain by a killer bee (1 damage)
             ... on level 8 of the Dungeon.
             The game lasted 00:35:29 (8862 turns).

cheesebisquit the Trooper (Red Draconian Conjurer)  Turns: 8862, Time: 00:35:29

Health: 0/84       AC: 11    Str: 10    XL:     10   Next: 47%
Magic:  17/17      EV: 13    Int: 26    God:    Sif Muna [****..]
Gold:   1730       SH:  0    Dex:  9    Spells: 2/19 levels left

rFire   + . .        m - +7 falchion of Joyful Slaughter {freeze, Int+3}
rCold   . . .        (no shield)
rNeg    . . .        (body armour unavailable)
rPois   .            (helmet restricted)
rElec   .            t - +1 cloak
rCorr   .            B - +1 pair of gloves
SInv    +            (no boots)
Will    .....        b - amulet of magic regeneration
Stlth   +++          h - ring of see invisible
HPRegen 0.34/turn    z - ring of wizardry
MPRegen 0.55/turn

%: wizardry (x1)
@: invisible
A: breathe fire, AC +7, unfitting armour, fire resistance 1, cold-blooded
a: Breathe Fire, Renounce Religion, Channel Magic, Forget Spell, Divine Exegesis


You were on level 8 of the Dungeon.
You worshipped Sif Muna.
Sif Muna was greatly pleased with you.
You visited 2 branches of the dungeon, and saw 10 of its levels.

You collected 1730 gold pieces.

Inventory:

Hand Weapons
 c - a +3 morningstar
 m - the +7 falchion of Joyful Slaughter (weapon) {freeze, Int+3}
   (You found it on level 2 of the Dungeon)

   Int:       It affects your intelligence (+3).
 r - a +1 dagger of venom
Missiles
 p - 22 poisoned darts
Armour
 t - a +1 cloak (worn)
 B - a +1 pair of gloves (worn)
Jewellery
 b - an amulet of magic regeneration (around neck)
 h - a ring of see invisible (left hand)
 s - a ring of flight
 y - the ring of Haon {MP-9 Dex+4 Slay+4 Stlth+}
   (You found it on level 6 of the Dungeon)

   [ring of slaying]

   Dex:       It affects your dexterity (+4).
   Slay:      It affects your accuracy & damage with ranged weapons and melee
   (+4).
   MP:        It affects your magic capacity (-9).
   Stlth:     It makes you more stealthy.
 z - a ring of wizardry (right hand)
Wands
 a - a wand of flame (40)
 d - a wand of paralysis (5)
 e - a wand of iceblast (3)
 C - a wand of digging (2)
Scrolls
 f - 2 scrolls of poison
 g - a scroll of torment {unknown}
 q - a scroll of magic mapping
Potions
 i - 4 potions of attraction
 n - a potion of brilliance {unknown}
 o - a potion of invisibility
 u - 4 potions of flight
 w - a potion of berserk rage {unknown}


   Skills:
 + Level 6.6 Fighting
 + Level 5.4 Long Blades
 + Level 5.8 Dodging
 - Level 6.0 Stealth
 + Level 5.3 Spellcasting
 - Level 5.7 Conjurations
 + Level 3.0 Hexes
 + Level 5.0 Summonings
 + Level 2.1 Ice Magic
 + Level 3.4 Earth Magic


You had 2 spell levels left.
You knew the following spells:

 Your Spells              Type           Power      Damage    Failure   Level
a - Magic Dart            Conj           100%       1d8       1%          1
b - Searing Ray           Conj           72%        2d7       1%          2
c - Dazzling Flash        Conj/Hex       58%        N/A       1%          3
d - Call Canine Familiar  Summ           33%        N/A       1%          3
e - Leda's Liquefaction   Hex/Erth       11%        N/A       9%          4
f - Summon Ice Beast      Ice/Summ       25%        N/A       7%          4

Your spell library contained the following spells:

 Spells                   Type           Power      Damage    Failure   Level
 Portal Projectile        Hex/Tloc       28%        N/A       4%          3
 Fulminant Prism          Conj/Hex       14%        3d9       4%          4
 Iskenderun's Mystic Bla  Conj/Tloc      21%        2d6       9%          4
 Summon Mana Viper        Hex/Summ       27%        N/A       16%         5
 Monstrous Menagerie      Summ           16%        N/A       95%         7


Dungeon Overview and Level Annotations

Branches:
Dungeon (9/15)             Temple (1/1) D:5             Orc (0/2) D:9
   Lair: D:8-11

Altars:
Ashenzari
Cheibriados
Dithmenos
Elyvilon
Fedhas
Gozag
Hepliaklqana
Kikubaaqudgha
Makhleb
Nemelex Xobeh
Okawaru
Qazlal
Ru
Sif Muna
Trog
Uskayaw
Vehumet
Wu Jian
Xom
Yredelemnul
Zin
The Shining One

Shops:
D:2 (


Innate Abilities, Weirdness & Mutations

You can breathe blasts of fire.
Your fiery red scales are hard. (AC +7)
You cannot fit into any form of body armour.
Your flesh is heat resistant. (rF+)
You are cold-blooded and may be slowed by cold attacks.


Message History

The yak is moderately wounded.
You feel sick. The killer bee misses you. The yak misses you.
The killer bee stings you but does no damage.
You hit the yak but do no damage.
You tail-slap the yak, but do no damage.
The yak is moderately wounded.
You feel sick. The killer bee stings you.
* * * LOW HITPOINT WARNING * * *
The yak closely misses you. The killer bee misses you.
Casting: Dazzling Flash (safe; 1% risk of failure)
Confirm with . or Enter, or press ? or * to list all spells.
Casting: Dazzling Flash (safe; 1% risk of failure)
Press: ? - help, Dir - look around, f - activate The yak is dazzled.
The killer bee is dazzled.
You feel sick. The killer bee misses you. The yak gores you!
* * * LOW HITPOINT WARNING * * *
The killer bee barely misses you.
You slash the yak! You freeze the yak.
The yak bellows!
You tail-slap the yak.
The yak is heavily wounded.
You feel sick. The killer bee barely misses you. The yak gores you!
* * * LOW HITPOINT WARNING * * *
The killer bee misses you.
It was a potion of invisibility.
You fade into invisibility!
You feel sick.
You are no longer poisoned.
The killer bee misses you. The yak gores you but does no damage.
The killer bee completely misses you.
You miss the killer bee.
Your tail-slap misses the killer bee.
The yak is no longer blind.
The killer bee closely misses you. The yak barely misses you.
The killer bee misses you.
Okay, then.
Okay, then.
You barely miss the killer bee. The killer bee closely misses you.
The yak gores you.
* * * LOW HITPOINT WARNING * * *
The killer bee stings you.
You die...

#.##...####.....).)..# #....#
#.##...####.#####)#### ####.#
#.##.............)# #.#
#.##...####.#####.# #.#
#...........# #)# #.#
####...###### #.# #.# #...# #.#
#.# #...##########.# #.#
#######......).y@Y...# #.#
.............######### #.#
#######..###.#################.#
#..# #...................# #..#
#).################## #######..#
#.)# .........# ##.#
#######.#####.# #.....)...#


You could see a yak (unable to see you) and a killer bee (blind).

Vanquished Creatures
  Pikel (D:8)
  Joseph (D:7)
  Sigmund (D:6)
  3 yaks
  Eustachio (D:6)
  Menkaure (D:6)
  Duvessa (D:7)
  An ice beast (D:8)
  2 black bears
  An orc warrior (D:6)
  3 sky beasts (D:7)
  An ogre (D:6)
  A phantom (D:5)
  3 kobold brigands
  A lemure (D:6)
  5 bullfrogs
  4 scorpions
  8 wights
  6 killer bees
  A howler monkey (D:6)
  3 jellies
  4 hounds
  3 orc priests
  3 sleepcaps
  8 iguanas
  4 orc wizards
  3 gnolls
  13 adders
  2 worms
  6 dart slugs
  20 orcs
  8 ball pythons
  3 endoplasms
  5 giant cockroaches
  4 goblins
  7 hobgoblins
  4 jackals (D:2)
  6 quokkas
  9 bats
  4 frilled lizards
  26 kobolds
  6 rats
197 creatures vanquished.

Vanquished Creatures (collateral kills)
  2 yaks (D:9)
  An acid dragon (D:8)
  An ogre (D:4)
  Dowan (D:7)
  A howler monkey (D:6)
  2 iguanas
  An orc wizard (D:7)
  A shadow imp (D:8)
  2 white imps
  3 orcs
  9 kobolds
24 creatures vanquished.

Vanquished Creatures (others)
  A human (D:3)
  A kobold (D:7)
2 creatures vanquished.

Grand Total: 223 creatures vanquished

Notes
Turn   | Place    | Note
-------+----------+-------------------------------------------
     0 | D:1      | cheesebisquit the Draconian Conjurer began the quest for
                  | the Orb.
     0 | D:1      | Reached XP level 1. HP: 14/14 MP: 3/3
   209 | D:1      | Reached skill level 1 in Fighting
   209 | D:1      | Reached XP level 2. HP: 23/23 MP: 0/5
   551 | D:1      | Reached XP level 3. HP: 28/28 MP: 4/6
  1088 | D:2      | Identified the +7 falchion of Joyful Slaughter {freeze,
                  | Int+3}
  1159 | D:2      | Reached XP level 4. HP: 36/36 MP: 4/7
  1235 | D:2      | Found Ucwed's Antique Weapon Shoppe.
  1479 | D:2      | Learned a level 2 spell: Searing Ray
  1680 | D:2      | Learned a level 3 spell: Dazzling Flash
  1741 | D:3      | Found a broken altar of Ashenzari.
  1861 | D:3      | Found a shimmering blue altar of Sif Muna.
  1869 | D:3      | Became a worshipper of Sif Muna the Loreminder
  1929 | D:3      | Reached XP level 5. HP: 42/42 MP: 5/8
  2034 | D:3      | Found an ancient bone altar of Kikubaaqudgha.
  2037 | D:3      | Noticed a human
  2038 | D:3      | Killed a human
  2330 | D:4      | Noticed an ogre
  2337 | D:4      | Killed an ogre
  2338 | D:4      | Reached skill level 1 in Long Blades
  2403 | D:4      | Reached XP level 6. HP: 47/51 MP: 9/9
  2549 | D:4      | Learned a level 3 spell: Call Canine Familiar
  3035 | D:5      | Entered Level 5 of the Dungeon
  3048 | D:5      | Reached * piety under Sif Muna
  3201 | D:5      | Found a staircase to the Ecumenical Temple.
  3211 | D:5      | Your scales start taking on a fiery red colour.
  3211 | D:5      | Reached XP level 7. HP: 51/57 MP: 9/11
  3211 | D:5      | Gained mutation: Your flesh is heat resistant. (rF+) [Red
                  | Draconian growth]
  3221 | D:5      | Reached skill level 1 in Summonings
  3387 | Temple   | Entered the Ecumenical Temple
  4187 | D:5      | Reached skill level 5 in Conjurations
  4193 | D:5      | Reached XP level 8. HP: 48/66 MP: 13/13
  4363 | D:5      | Reached ** piety under Sif Muna
  4708 | D:6      | Noticed Sigmund
  4725 | D:6      | Killed Sigmund
  4769 | D:6      | Identified the ring of Haon {MP-9 Dex+4 Slay+4 Stlth+}
  4838 | D:6      | Reached skill level 5 in Fighting
  4838 | D:6      | Reached skill level 5 in Stealth
  4866 | D:6      | Reached XP level 9. HP: 36/74 MP: 15/15
  5071 | D:6      | Learned a level 4 spell: Leda's Liquefaction
  5129 | D:6      | Found a sacrificial altar of Ru.
  5250 | D:6      | Noticed Eustachio
  5264 | D:6      | Killed Eustachio
  5323 | D:6      | Noticed Menkaure
  5331 | D:6      | Killed Menkaure
  5433 | D:7      | Noticed Duvessa
  5461 | D:7      | Noticed Dowan
  5471 | D:7      | Killed Duvessa
  5472 | D:7      | Reached skill level 1 in Hexes
  5472 | D:7      | Reached skill level 1 in Earth Magic
  5477 | D:7      | Killed Dowan
  5566 | D:7      | Reached skill level 5 in Dodging
  5630 | D:7      | Noticed Joseph
  5650 | D:7      | Killed Joseph
  5657 | D:7      | Learned a level 4 spell: Summon Ice Beast
  5861 | D:7      | Noticed Pikel
  6214 | D:7      | Reached *** piety under Sif Muna
  6260 | D:7      | Reached skill level 1 in Ice Magic
  6945 | D:8      | Reached XP level 10. HP: 61/83 MP: 12/17
  7099 | D:8      | Reached skill level 5 in Long Blades
  7677 | D:8      | Identified a scroll of acquirement
  7677 | D:8      | Acquired 1320 gold pieces
  7699 | D:8      | Reached skill level 5 in Spellcasting
  7699 | D:8      | Reached **** piety under Sif Muna
  7958 | D:8      | Killed Pikel
  8306 | D:9      | Found a staircase to the Orcish Mines.
  8338 | D:9      | Found a basalt altar of Yredelemnul.
  8338 | D:9      | Found a burning altar of Makhleb.
  8629 | D:9      | Reached skill level 5 in Summonings
  8825 | D:9      | Found a glowing golden altar of the Shining One.
  8859 | D:8      | HP: 2/84 [yak (9)]
  8862 | D:8      | Slain by a killer bee

Illustrated notes

Levels and vault maps discovered:
D:1:      amcnicky_arrival_single_pillar, layout_rooms, minmay_misc_feat_chi
D:2:      layout_basic, serial_shops, nicolae_shop_hallway_plus
D:3:      layout_rooms, nicolae_sif_muna_condensation, tgw_kikubaaqudgha,
          nicolae_ashenzari_skybound, minmay_misc_feat_encased
D:4:      layout_loops_ring
D:5:      cheibrodos_barr_body, layout_loops_ring,
          minmay_temple_entry_drinking_statues, grunt_ministairs_14,
          minmay_misc_feat_diagonals, kennysheep_generic_room_3
D:6:      layout_cave_pools, nicolae_ru_awakened_eye, hangedman_decor_points,
          minivault_11, uniq_sigmund, uniq_menkaure, uniq_eustachio
D:7:      kennysheep_kobold_camp, layout_rooms, moated_statue, st_stairs_10,
          uniq_joseph, uniq_duvessa, uniq_pikel
D:8:      layout_loops_ring, serial_park_tiny_2
D:9:      layout_rooms, tso_metal_star, nicolae_overflow_two_pavilions,
          orc_0_dummy, hangedman_decor_riveting
Temple:   bh_familiar_temple

Skill      XL: |  1  2  3  4  5  6  7  8  9 10 |
---------------+-------------------------------+-----
Dodging        | 2 3 4 5 |  5.8
Stealth        | 2 3 4 5 6 |  6.0
Fighting       | 1 2 3 4 5 6 |  6.6
Long Blades    | 1 2 3 4 5 |  5.4
Summonings     | 2 3 4 5 |  5.0
Spellcasting   | 3 4 5 |  5.3
Conjurations   | 5 |  5.7
Hexes          | 2 3 |  3.0
Earth Magic    | 2 3 |  3.4
Ice Magic      | 1 2 |  2.1

Action                     |  1- 3 |  4- 6 |  7- 9 | 10-12 || total
---------------------------+-------+-------+-------+-------++-------
  Melee: Unarmed           |    16 |       |       |       ||    16
         Tailslap          |     4 |     2 |    43 |    14 ||    63
         Punch             |     2 |       |     6 |     1 ||     9
         Dagger            |     4 |       |       |       ||     4
         Falchion          |     3 |    26 |   256 |    90 ||   375
   Cast: Magic Dart        |    80 |    93 |    84 |     3 ||   260
         Call Canine Famil |       |       |    22 |    13 ||    35
         Searing Ray       |       |       |     3 |     1 ||     4
         Dazzling Flash    |       |       |     1 |     3 ||     4
         Summon Ice Beast  |       |       |       |     2 ||     2
Ability: Breathe Fire      |       |       |     1 |       ||     1
    Use: Potion            |     1 |       |     7 |     2 ||    10
         Scroll            |       |     6 |     6 |     8 ||    20
   Stab: Sleeping          |       |     2 |     2 |       ||     4
         Distracted        |       |       |     2 |       ||     2
         Invisible         |       |       |     1 |       ||     1
 Armour: Skin              |    16 |     5 |   103 |    64 ||   188
  Dodge: Dodged            |    28 |    12 |   222 |   140 ||   402
